 Dungeon Crawl Stone Soup version 0.18.1-2-ga659475 (webtiles) character file.

74 oplop the Sneak (level 4, -1/23 HPs)
             Began as a Vine Stalker Assassin on May 8, 2016.
             Succumbed to a goblin's poison
             ... on level 2 of the Dungeon.
             The game lasted 00:02:10 (1314 turns).

oplop the Sneak (Vine Stalker Assassin)             Turns: 1314, Time: 00:02:11

Health: -1/23      AC:  4    Str: 12 (14) XL:     4   Next: 30%
Magic:  2/6        EV: 11    Int: 10 (11) God:
Gold:   107        SH:  0    Dex: 14 (16) Spells: 0 memorised, 5 levels left

rFire  . . .     SeeInvis .     a - +2 dagger
rCold  . . .     Gourm    .     c - +0 robe
rNeg   . . .     Faith    .     (no shield)
rPois  .         Spirit   +     (no helmet)
rElec  .         Dismiss  .     j - +0 cloak (curse)
rCorr  +         Reflect  .     (no gloves)
SustAt .         Harm     .     k - +0 pair of boots
MR     .....                    (no amulet)
Stlth  +++.......               (no ring)
                                o - ring of resist corrosion

@: lethally poisoned (-1 -> -20), flying, not resistant to hostile enchantments,
fairly stealthy
A: fangs 2, regeneration 1, magic shield, antimagic bite, no device heal 3, rot
immunity
a: no special abilities


You were on level 2 of the Dungeon.
You were not hungry.

You visited 1 branch of the dungeon, and saw 2 of its levels.

You collected 107 gold pieces.

Inventory:

Hand Weapons
 a - a +2 dagger (weapon)
 b - a +0 blowgun
Missiles
 e - 22 poisoned needles
 f - 2 curare-tipped needles
 n - 6 tomahawks (quivered)
Armour
 c - a +0 robe (worn)
 d - a +0 cloak
 j - a cursed +0 cloak (worn)
 k - a +0 pair of boots (worn)
Jewellery
 o - a ring of resist corrosion (left hand)
Scrolls
 h - a scroll of teleportation {unknown}
 i - 2 scrolls of remove curse {unknown}
 m - 3 scrolls of identify {unknown}
Potions
 l - a potion of degeneration
 q - a potion of agility {unknown}
Comestibles
 g - a bread ration


   Skills:
 + Level 2.5 Fighting
 + Level 2.6 Short Blades
 - Level 1.7 Throwing
 - Level 0.7 Dodging
 + Level 5.5 Stealth
 + Level 1.3 Spellcasting


You had 5 spell levels left.
You didn't know any spells.

Dungeon Overview and Level Annotations

Branches:
Dungeon (2/15)

Altars:
Gozag
Okawaru


Innate Abilities, Weirdness & Mutations

You have extremely sharp teeth.
Your natural rate of healing is unusually fast.
When hurt, damage is shared between your health and your magic reserves.
Your bite disrupts and absorbs the magic of your enemies.
Potions and wands cannot restore your health.
You are immune to rotting.


Message History

* * * LOW HITPOINT WARNING * * *
The goblin hits you but does no damage. The kobold completely misses you.
Drink which item? (? for menu, Esc to quit)
It was a potion of degeneration.
There was something very wrong with that liquid.
You feel weakened.
You feel dopey.
You feel clumsy.
* * * LOW HITPOINT WARNING * * *
You feel sick.
The goblin hits you with a dagger of venom.
* * * LOW HITPOINT WARNING * * *
You are more poisoned.
The goblin hits you with a dagger.
* * * LOW HITPOINT WARNING * * *
The kobold barely misses you.
Unknown command.
Drink which item? (? for menu, Esc to quit)
It was a potion of flight.
You feel very buoyant.
You fly up into the air.
You die...

... ..#########
......... .......
#.....# #.....#
#..Kg.# #..≈≈ ####
#..@g.# #..≈≈#....
#.....# '##.h≈≈.....
# #.....#
g....≈≈..... #.
#.....# ....≈≈≈.....
#≈≈ #.....#≈≈≈≈
≈≈......
#≈≈≈##'''##≈≈≈≈
#...>.. #≈≈≈≈...≈≈≈≈#
#.(.... ###≈≈...≈≈###
#......
###...#########......


You could see 2 goblins and a kobold.

Vanquished Creatures
  2 adders (D:2)
  A worm (D:2)
  2 dart slugs (D:1)
  2 giant geckos
  3 giant cockroaches (D:2)
  13 goblins
  3 hobgoblins
  A jackal (D:2)
  10 kobolds
  A quokka (D:2)
  A ball python (D:2)
  A bat (D:2)
  2 giant newts
  3 rats
45 creatures vanquished.

Notes
Turn   | Place    | Note
--------------------------------------------------------------
     0 | D:1      | oplop the Vine Stalker Assassin began the quest for the Orb.
     0 | D:1      | Reached XP level 1. HP: 11/11 MP: 2/2
    85 | D:1      | Reached skill level 5 in Stealth
   167 | D:1      | Reached XP level 2. HP: 14/15 MP: 3/3
   581 | D:1      | Reached XP level 3. HP: 18/18 MP: 3/5
   873 | D:2      | Reached skill level 1 in Spellcasting
   959 | D:2      | Found an opulent altar of Gozag.
   962 | D:2      | Found an iron altar of Okawaru.
  1038 | D:2      | Reached XP level 4. HP: 23/23 MP: 6/6
  1313 | D:2      | HP: 1/23 [goblin/dagger (2)]
  1314 | D:2      | Succumbed to a goblin's poison

Skill      XL: |  1  2  3 |
---------------+----------+-----
Stealth        | 5 |  5.5
Short Blades   | 2 |  2.6
Fighting       | 2 |  2.5
Spellcasting   | 1 |  1.3
Throwing       | |  1.7
Dodging        | |  0.7

Action                   |  1- 3 |  4- 6 || total
-------------------------+-------+-------++-------
Melee: Dagger            |    92 |    44 ||   136
       Bite              |    22 |    11 ||    33
  Use: Potion            |       |     2 ||     2
 Stab: Sleeping          |     8 |     1 ||     9
       Distracted        |     1 |       ||     1
  Eat: Chunk             |       |     1 ||     1
Armor: Robe              |    17 |    14 ||    31
Dodge: Dodged            |    33 |    40 ||    73
